 Dungeon Crawl Stone Soup version 0.26-a0-712-ga5a9c9c9d0 (webtiles) character file.

Game seed: 17223442446832831178

151 kae the Changer (level 5, -9/33 HPs)
             Began as an Octopode Transmuter on Nov 5, 2020.
             Mangled by a gnoll
             ... wielding a +0 halberd
              (14 damage)
             ... on level 3 of the Dungeon.
             The game lasted 00:01:33 (2984 turns).

kae the Changer (Octopode Transmuter)               Turns: 2984, Time: 00:01:33

Health: -9/33      AC:  1    Str: 10    XL:     5   Next: 33%
Magic:  8/8        EV: 13    Int: 16    God:
Gold:   166        SH:  0    Dex: 12    Spells: 4/8 levels left

rFire    . . .     SeeInvis .     - Unarmed
rCold    . . .     Faith    .   (no shield)
rNeg     . . .     Spirit   .   (helmet restricted)
rPois    .         Reflect  .   (no amulet)
rElec    .         Harm     .   (no ring)
rCorr    .         Rampage  .   (no ring)
MR       .....                  (no ring)
Stlth    ++........             (no ring)
HPRegen  0.11/turn              (no ring)
MPRegen  0.11/turn              (no ring)
                                (no ring)
                                (no ring)

@: no status effects
A: almost no armour, stealthy swim, amphibious, 8 rings, constrict 8, camouflage
1, gelatinous body 1
a: no special abilities


You were on level 3 of the Dungeon.
You visited 1 branch of the dungeon, and saw 3 of its levels.

You collected 166 gold pieces.

Inventory:

Jewellery
 d - an uncursed ring of resist corrosion {unknown}
 f - an uncursed amulet of regeneration {unknown}
 k - an uncursed ring of protection from fire {unknown}
Wands
 i - a wand of iceblast (9)
Scrolls
 a - 6 scrolls of identify {unknown}
 c - a scroll of blinking {unknown}
 e - a scroll of magic mapping {unknown}
 g - a scroll of enchant weapon {unknown}
Potions
 b - a potion of haste {unknown}
 h - a potion of degeneration {unknown}
 j - a potion of berserk rage


   Skills:
 - Level 1.0 Fighting
 - Level 2.0 Dodging
 + Level 3.9 Unarmed Combat
 + Level 2.3 Spellcasting
 * Level 4.0 Transmutations
 * Level 1.8 Poison Magic


You had 4 spell levels left.
You knew the following spells:

 Your Spells              Type           Power        Failure   Level
a - Beastly Appendage     Tmut           ##....       3%          1
b - Spider Form           Tmut/Pois      ##........   19%         3

Your spell library contained the following spells:

 Spells                   Type           Power        Failure   Level
 Wereblood                Tmut           ##......     6%          2
 Ice Form                 Ice/Tmut       #.......     65%         4
 Blade Hands              Tmut           ##........   71%         5


Dungeon Overview and Level Annotations

Branches:
Dungeon (3/15)

Altars:


Innate Abilities, Weirdness & Mutations

You cannot wear most types of armour.
You are very stealthy in the water. (Stealth+)
You are amphibious.
You can wear up to eight rings at the same time.
You can use your tentacles to constrict eight enemies at once.
Your skin changes colour to match your surroundings (Stealth+).
Your rubbery body absorbs attacks. (AC +1, EV +1)


Message History

You bite the gnoll!
You kill the gnoll!
The gnoll closely misses you. The gnoll barely misses you.
A kobold comes into view. It is wielding a +0 short sword.
The gnoll closely misses you.
The gnoll hits you from afar with a +0 halberd!
You are too injured to fight recklessly!
You are too injured to fight recklessly!
You are too injured to fight recklessly!
You are too injured to fight recklessly!
The gnoll hits you but does no damage.
The gnoll hits you from afar with a +0 spear!
* * * LOW HITPOINT WARNING * * *
There is an escape hatch in the floor here.
Your transformation is almost over.
Your transformation has ended.
There is a stone staircase leading up here.
The gnoll hits you from afar with a +0 halberd!
You die...

### ### ... ..# .# [. .. #.#
.#... #.##.###.#.. . ...........
... #.#.##..# #..###.#@....# #
#...........##### #..
..###.g....[....## ...# #.#
#.##.#......[# ....####.#
#g##......#.>#
.........###.####..#.#..########
.............####...............
.........##.g.....#####.########
.....>...##.#####.#####.#


You could see 2 gnolls.

Vanquished Creatures
  Terence (D:2)
  4 gnolls
  3 adders (D:2)
  An ooze (D:2)
  3 worms (D:2)
  A dart slug (D:2)
  An orc (D:2)
  4 giant cockroaches
  5 goblins (D:2)
  7 hobgoblins
  A quokka (D:2)
  A ball python (D:1)
  9 bats
  A frilled lizard (D:2)
  6 rats
48 creatures vanquished.

Notes
Turn   | Place    | Note
-------+----------+-------------------------------------------
     0 | D:1      | kae the Octopode Transmuter began the quest for the Orb.
     0 | D:1      | Reached XP level 1. HP: 13/13 MP: 3/3
   550 | D:1      | Reached XP level 2. HP: 16/18 MP: 3/5
  1316 | D:2      | Reached skill level 3 in Transmutations
  1347 | D:2      | Noticed Terence
  1348 | D:2      | Reached XP level 3. HP: 23/23 MP: 6/6
  1362 | D:2      | Killed Terence
  1371 | D:2      | Reached XP level 4. HP: 8/28 MP: 5/7
  1396 | D:2      | Learned a level 3 spell: Spider Form
  2008 | D:2      | Reached skill level 1 in Poison Magic
  2022 | D:2      | Reached XP level 5. HP: 4/33 MP: 3/8
  2293 | D:2      | Reached skill level 4 in Transmutations
  2984 | D:3      | Mangled by a gnoll

Illustrated notes

Levels and vault maps discovered:
D:1:      psy_arrival_terrarium, layout_loops_cross
D:2:      minmay_angry_zag, layout_loops_corners, uniq_terence
D:3:      layout_loops_cross, tso_altar

Skill      XL: |  1  2  3  4  5 |
---------------+----------------+-----
Transmutations | 3 4 |  4.0
Poison Magic   | 1 |  1.8
Fighting       | |  1.0
Dodging        | |  2.0
Unarmed Combat | |  3.9
Spellcasting   | |  2.3

Action                   |  1- 3 |  4- 6 || total
-------------------------+-------+-------++-------
Melee: Unarmed           |    64 |    69 ||   133
       Constrict         |    16 |    14 ||    30
       Kick              |    13 |     9 ||    22
       Tentacles         |     8 |     8 ||    16
       Punch             |     1 |       ||     1
 Cast: Beastly Appendage |    16 |     8 ||    24
       Spider Form       |       |     3 ||     3
  Use: Potion            |       |     1 ||     1
 Stab: Sleeping          |     1 |     1 ||     2
Armor: Skin              |    10 |     8 ||    18
Dodge: Dodged            |    48 |    53 ||   101

Table legend: (Time is in decaauts)
 A = Elapsed time spent in this place.
 B = Non-inter-level travel time spent in this place.
 C = Inter-level travel time spent in this place.
 D = Time resting spent in this place.
 E = Time spent auto-exploring this place.
 F = Levels seen in this place.
 G = Mean time per level.
                   A        B        C        D        E       F      G
               +--------+--------+--------+--------+--------+-----+--------+
         Total |   2987 |   2907 |     80 |    266 |   2289 |   3 |  995.7 |
       Dungeon |   2987 |   2907 |     80 |    266 |   2289 |   3 |  995.7 |
               +--------+--------+--------+--------+--------+-----+--------+

Top non-repeatable levels by time:
     D:2: 2055 daAuts
     D:1: 819 daAuts
     D:3: 112 daAuts
